 Dungeon Crawl Stone Soup version 0.27.1-33-g824d729ab1 (webtiles) character file.

Game seed: 13254416164838637932

76 zeram the Covert (level 4, -5/31 HPs)
             Began as an Octopode Delver on Dec 25, 2021.
             Slain by a phantom (10 damage)
             ... on level 5 of the Dungeon.
             The game lasted 00:00:43 (685 turns).

zeram the Covert (Octopode Delver)                   Turns: 685, Time: 00:00:43

Health: -5/31      AC:  1    Str: 11    XL:     4   Next: 32%
Magic:  4/4        EV: 13    Int: 13    God:
Gold:   6          SH:  0    Dex: 13    Spells: 3/3 levels left

rFire    . . .     SeeInvis .   g - +0 dagger
rCold    . . .     Faith    .   (no shield)
rNeg     . . .     Spirit   .   (helmet restricted)
rPois    .         Reflect  .   (no amulet)
rElec    .         Harm     .   (no ring)
rCorr    .         Rampage  .   (no ring)
Will     .....                  (no ring)
Stlth    +++++.....             (no ring)
HPRegen  0.10/turn              (no ring)
MPRegen  0.09/turn              (no ring)
                                (no ring)
                                (no ring)

@: hasted, very quick
A: almost no armour, amphibious, 8 rings, camouflage 1, gelatinous body 1,
(nimble swimmer 1), tentacles
a: no special abilities


You were on level 5 of the Dungeon.
You visited 1 branch of the dungeon, and saw 1 of its levels.

You collected 6 gold pieces.

Inventory:

Hand Weapons
 a - a +0 short sword
 g - a +0 dagger (weapon)
Wands
 f - a wand of digging (3)
Scrolls
 b - a scroll of fog
 c - a scroll of magic mapping
 d - a scroll of fear


   Skills:
 - Level 3.0 Fighting
 - Level 2.0 Short Blades
 - Level 2.0 Dodging
 + Level 8.8 Stealth


You had 3 spell levels left.
You didn't know any spells.
Your spell library was empty.

Dungeon Overview and Level Annotations

Branches:
Dungeon (5/15)
 Temple: D:4-7

Altars:


Innate Abilities, Weirdness & Mutations

You cannot wear most types of armour.
You are amphibious.
You can wear up to eight rings at the same time.
Your skin changes colour to match your surroundings (Stealth+).
Your rubbery body absorbs attacks. (AC +1, EV +1)
((You are camouflaged near water. (Stealth+)))
You have tentacles for arms and can constrict up to eight enemies at once.


Message History

You hit the phantom. Your squeeze misses the phantom.
The phantom is lightly damaged.
The phantom closely misses you.
You miss the phantom.
The phantom is lightly damaged.
The phantom barely misses you.
You feel yourself speed up. The phantom closely misses you.
You hit the phantom but do no damage.
The phantom is lightly damaged.
You hit the phantom but do no damage.
The phantom is lightly damaged.
The phantom hits you.
You hit the phantom but do no damage. You squeeze the phantom.
The phantom is moderately damaged.
You hit the phantom. Your squeeze misses the phantom.
The phantom is moderately damaged.
The phantom hits you!
You barely miss the phantom. Your squeeze misses the phantom.
The phantom is moderately damaged.
The phantom closely misses you.
You hit the phantom but do no damage.
The phantom is moderately damaged.
You closely miss the phantom.
The phantom is moderately damaged.
The phantom barely misses you.
You hit the phantom. Your squeeze misses the phantom.
The phantom is heavily damaged.
You closely miss the phantom.
The phantom is heavily damaged.
The phantom closely misses you.
You hit the phantom.
The phantom is heavily damaged.
The phantom hits you.
* * * LOW HITPOINT WARNING * * *
You hit the phantom. You squeeze the phantom.
The phantom is severely damaged.
You hit the phantom. Your squeeze misses the phantom.
The phantom is severely damaged.
The phantom hits you!
You die...

#.#########(###..)
#.# #..##.<. #.#
##.##... #.#
#..#... #.#
##.#... #(# #.#.##
#.# ###. #.### #.
#@8.# #.W......
#........
##8[#.#.# ###.# #
# ##.###.##
#........


You could see a phantom.

Vanquished Creatures
  2 orc wizards (D:5)
  An adder (D:5)
  An ufetubus (D:5)
  6 orcs (D:5)
10 creatures vanquished.

Notes
Turn   | Place    | Note
-------+----------+-------------------------------------------
     0 | D:5      | zeram the Octopode Delver began the quest for the Orb.
     0 | D:5      | Reached XP level 1. HP: 16/16 MP: 1/1
    32 | D:5      | Noticed an orc wizard
    32 | D:5      | Noticed an orc wizard
    42 | D:5      | Killed an orc wizard
    43 | D:5      | Reached skill level 7 in Stealth
    43 | D:5      | Reached XP level 2. HP: 13/21 MP: 2/2
    43 | D:5      | Reached XP level 3. HP: 16/26 MP: 3/3
    48 | D:5      | Reached skill level 8 in Stealth
   349 | D:5      | Reached XP level 4. HP: 21/31 MP: 4/4
   665 | D:5      | Noticed a phantom
   685 | D:5      | Slain by a phantom

Illustrated notes

Levels and vault maps discovered:
D:5:      layout_basic, minitemple, minmay_quadrilaterals

Skill      XL: |  1  2  3 |
---------------+----------+-----
Stealth        | 7 8 |  8.8
Fighting       | |  3.0
Short Blades   | |  2.0
Dodging        | |  2.0

Action                   |  1- 3 |  4- 6 || total
-------------------------+-------+-------++-------
Melee: Short sword       |     9 |       ||     9
       Tentacles         |     7 |     5 ||    12
       Constrict         |     4 |     2 ||     6
       Dagger            |     5 |    23 ||    28
  Use: Potion            |       |     1 ||     1
 Stab: Sleeping          |     1 |     1 ||     2
Armor: Skin              |     2 |       ||     2
Dodge: Dodged            |     6 |     8 ||    14
